 Dungeon Crawl Stone Soup version 0.31-a0-1066-g35875b34c7 (webtiles) character file.

Game seed: 16519024582015443407

1297502 gruber the Cutthroat (level 25, 189/189 (219) HPs)
             Began as a Gnoll Ice Elementalist on Nov 3, 2023.
             Was the Champion of Ru.
             Escaped with the Orb
             ... and 3 runes on Nov 22, 2023!
             The game lasted 05:06:01 (131340 turns).

gruber the Cutthroat (Gnoll Ice Elementalist)     Turns: 131340, Time: 05:06:02

HP:   189/189 (219) AC: 25    Str: 20    XL:     25
MP:   33/41         EV: 15    Int: 31    God:    Ru [******]
Gold: 7119          SH: 24    Dex: 16    Spells: 11/63 levels left

rFire   + + .        R - +5 trident "Nafedim" {speed, *Slow rPois rN++ Will+}
rCold   + + +        t - +5 kite shield {rC+ rF+}
rNeg    + + .        C - +1 scale mail of the Pits of Slime {rElec Str+4}
rPois   +            l - +2 helmet
rElec   +            H - +2 cloak {rCorr}
rCorr   +            D - +0 pair of gloves of Time Monsters {+Inv rC+}
SInv    .            j - +2 pair of boots
Will    +++++        z - amulet of Baerenof {Spirit Fly Will+ Str+4 Int+2} Stlth
                     r - ring of willpower
HPRegen 0.51/turn    N - ring of Ephemeral Luck {Str+3 Int+6 Dex+3}
MPRegen 0.27/turn

%: random rage (3%), slow self (1%), guardian spirit
@: mighty, brilliant, exhausted, resistant, enlightened, flying, hasted,
studying 5 skills, heavily drained, invisible, very quick
A: fangs 1, dopey 1, low MP 1, no stealth, reduced EV 1, inexperienced 2, strong
nose, distributed training, no forms, large bone plates 1, berserk 1, inability
to drink after injury 1
0: Orb of Zot
}: 3/15 runes: decaying, serpentine, slimy
a: Renounce Religion, Evoke Invisibility, Draw Out Power, Power Leap, Apocalypse


You escaped.
You worshipped Ru.
Ru was exalted by your worship.
You visited 12 branches of the dungeon, and saw 55 of its levels.
You also visited: Gauntlet and Wizlab.

You collected 8056 gold pieces.
You spent 937 gold pieces at shops.

Inventory:

Hand Weapons
 k - the +8 Vampire's Tooth {megavamp}
   (You took it off a necromancer on level 3 of the Crypt)
 R - the +5 trident "Nafedim" (weapon) {speed, *Slow rPois rN++ Will+}
   (You found it on level 2 of the Lair of Beasts)

   rPois:     It protects you from poison rN++: It greatly protects you from
   negative energy.
   Will+:     It increases your willpower.
   *Slow:     It may slow you when you take damage.
Missiles
 Q - 35 javelins
 W - 4 throwing nets
 X - 12 curare-tipped darts
Armour
 j - a +2 pair of boots (worn)
 l - a +2 helmet (worn)
 t - a +5 kite shield of resistance (worn)
 C - the +1 scale mail of the Pits of Slime (worn) {rElec Str+4}
   (You found it on level 2 of the Snake Pit)

   Str+4:     It affects your strength (+4).
   rElec:     It insulates you from electricity.
 D - the +0 pair of gloves of Time Monsters (worn) {+Inv rC+}
   (You found it on level 3 of the Vaults)

   rC+:       It protects you from cold.
   +Inv:      It lets you turn invisible.
 H - a +2 cloak of preservation (worn)
Jewellery
 r - a ring of willpower (left hand)
 v - a ring of protection from fire
 z - the amulet of Baerenof (around neck) {Spirit Fly Will+ Str+4 Int+2}
   (You found it on level 5 of the Pits of Slime)

   [amulet of guardian spirit]

   Spirit:    It causes incoming damage to be divided between your reserves of
   health and magic.
   Str+4:     It affects your strength (+4).
   Int+2:     It affects your intelligence (+2).
   Will+:     It increases your willpower.
   Fly:       It grants you flight.
 M - a ring of see invisible
 N - the ring of Ephemeral Luck (right hand) {Str+3 Int+6 Dex+3}
   (You bought it in a shop on level 4 of the Vaults)

   [ring of intelligence]

   Str+3:     It affects your strength (+3).
   Int+6:     It affects your intelligence (+6).
   Dex+3:     It affects your dexterity (+3).
 O - an amulet of the acrobat
Wands
 n - a wand of flame (195) (quivered)
 p - a wand of acid (24)
 s - a wand of roots (53)
 A - a wand of digging (5)
 B - a wand of charming (73)
 T - a wand of mindburst (41)
 V - a wand of polymorph (8)
Scrolls
 c - 7 scrolls of identify
 e - 7 scrolls of teleportation
 h - 11 scrolls of blinking
 o - 3 scrolls of silence
 q - 4 scrolls of summoning
 w - 3 scrolls of enchant weapon
 y - 12 scrolls of poison
 E - 5 scrolls of revelation
 F - 2 scrolls of vulnerability
 G - 2 scrolls of amnesia
 I - 10 scrolls of fear
 L - a scroll of torment
 Y - 6 scrolls of fog
Potions
 a - 6 potions of invisibility
 d - 10 potions of might
 f - 23 potions of curing
 g - 4 potions of haste
 i - a potion of magic
 m - 7 potions of enlightenment
 x - 4 potions of attraction
 J - 7 potions of brilliance
 K - 9 potions of heal wounds
 P - 7 potions of cancellation
 S - 2 potions of berserk rage
 U - 6 potions of ambrosia
Miscellaneous
 u - a sack of spiders
 Z - a lightning rod (4/4)


   Skills:
 + Level 22.7 Fighting
 + Level 24.1 Short Blades
 + Level 19.1 Long Blades
 + Level 19.1 Axes
 + Level 19.1 Maces & Flails
 + Level 22.7 Polearms
 + Level 19.1 Staves
 + Level 20.3 Ranged Weapons
 + Level 19.1 Throwing
 + Level 19.1 Armour
 + Level 19.5 Dodging
   Level 0.0 Stealth
 + Level 19.1 Shields
 + Level 20.3 Unarmed Combat
 + Level 19.6 Spellcasting
 + Level 16.3 Conjurations
 + Level 16.3 Hexes
 + Level 16.3 Summonings
 + Level 16.3 Necromancy
 + Level 16.3 Translocations
 + Level 16.3 Transmutations
 + Level 16.3 Fire Magic
 + Level 17.6 Ice Magic
 + Level 16.3 Air Magic
 + Level 16.3 Earth Magic
 + Level 16.3 Poison Magic
 + Level 20.6 Invocations
 + Level 19.1 Evocations
   Level 0.0 Shapeshifting


You had 11 spell levels left.
You knew the following spells:

 Your Spells              Type           Power      Damage    Failure   Level
a - Freeze                Ice            100%       1d10      0%          1
b - Frozen Ramparts       Ice            100%       1d16      0%          3
c - Ozocubu's Armour      Ice            100%       N/A       0%          3
d - Summon Ice Beast      Ice/Summ       100%       N/A       1%          4
e - Irradiate             Conj/Tmut      57%        3d30      1%          5
f - Summon Mana Viper     Hex/Summ       100%       N/A       1%          5
g - Summon Forest         Summ/Tloc      57%        N/A       1%          5
h - Manifold Assault      Tloc           100%       N/A       1%          4
i - Blink                 Tloc           100%       N/A       0%          2
j - Apportation           Tloc           100%       N/A       0%          1
k - Borgnjor's Vile Clut  Necr/Erth      57%        N/A       1%          5
l - Malign Gateway        Summ/Tloc      57%        N/A       3%          7
m - Haunt                 Necr/Summ      57%        N/A       3%          7

Your spell library contained the following spells:

 Spells                   Type           Power      Damage    Failure   Level
 Kiss of Death            Conj/Necr      100%       2d13      0%          1
 Magic Dart               Conj           100%       1d8       0%          1
 Necrotise                Necr           100%       1d9       0%          1
 Slow                     Hex            100%       N/A       0%          1
 Summon Small Mammal      Summ           100%       N/A       0%          1
 Call Imp                 Summ           100%       N/A       0%          2
 Ensorcelled Hibernation  Hex/Ice        100%       N/A       0%          2
 Jinxbite                 Hex            100%       N/A       0%          2
 Lesser Beckoning         Tloc           100%       N/A       0%          2
 Poisonous Vapours        Pois/Air       100%       N/A       0%          2
 Scorch                   Fire           100%       2d9       0%          2
 Searing Ray              Conj           100%       2d8       0%          2
 Sublimation of Blood     Necr           100%       N/A       0%          2
 Call Canine Familiar     Summ           100%       N/A       0%          3
 Confusing Touch          Hex            100%       N/A       0%          3
 Dazzling Flash           Conj/Hex       100%       N/A       0%          3
 Hailstorm                Conj/Ice       100%       3d20      0%          3
 Ignite Poison            Fire/Tmut/Pois 100%       N/A       0%          3
 Mephitic Cloud           Conj/Pois/Air  100%       N/A       0%          3
 Sigil of Binding         Hex            100%       N/A       0%          3
 Stone Arrow              Conj/Erth      100%       3d13      0%          3
 Summon Guardian Golem    Hex/Summ       100%       N/A       0%          3
 Tukima's Dance           Hex            100%       N/A       0%          3
 Vampiric Draining        Necr           100%       2d13      0%          3
 Volatile Blastmotes      Fire/Tloc      100%       2d18      0%          3
 Anguish                  Hex/Necr       57%        N/A       1%          4
 Animate Armour           Summ/Erth      100%       N/A       1%          4
 Animate Dead             Necr           100%       N/A       1%          4
 Cause Fear               Hex            57%        N/A       1%          4
 Dimensional Bullseye     Hex/Tloc       57%        N/A       1%          4
 Dispel Undead            Necr           100%       3d31      1%          4
 Flame Wave               Conj/Fire      100%       2d21      1%          4
 Fulminant Prism          Conj/Hex       57%        3d24      1%          4
 Iskenderun's Mystic Bla  Conj/Tloc      100%       2d19      1%          4
 Leda's Liquefaction      Hex/Erth       57%        N/A       1%          4
 Olgreb's Toxic Radiance  Pois           100%       N/A       1%          4
 Passage of Golubria      Tloc           100%       N/A       1%          4
 Petrify                  Tmut/Erth      100%       N/A       1%          4
 Sticky Flame             Conj/Fire      100%       2d11      1%          4
 Alistair's Intoxication  Tmut/Pois      76%        N/A       1%          5
 Fireball                 Conj/Fire      57%        3d22      1%          5
 Metabolic Englaciation   Hex/Ice        58%        N/A       1%          5
 Yara's Violent Unravell  Hex/Tmut       57%        3d22      1%          5
 Death Channel            Necr           57%        N/A       1%          6
 Eringya's Noxious Bog    Tmut/Pois      57%        4d6       1%          6
 Simulacrum               Ice/Necr       58%        N/A       1%          6
 Starburst                Conj/Fire      57%        6d15      1%          6
 Summon Cactus Giant      Summ           57%        N/A       1%          6
 Ozocubu's Refrigeration  Ice            59%        4d20      1%          7
 Enfeeble                 Hex            57%        N/A       3%          7
 Orb of Destruction       Conj           57%        9d14      3%          7
 Spellforged Servitor     Conj/Summ      57%        N/A       3%          7
 Summon Hydra             Summ           57%        N/A       3%          7
 Borgnjor's Revivificati  Necr           57%        N/A       26%         8
 Ignition                 Fire           57%        3d16      26%         8
 Infestation              Necr           57%        N/A       26%         8
 Lehudib's Crystal Spear  Conj/Erth      57%        10d13     26%         8
 Maxwell's Capacitive Co  Air            57%        ∞         26%         8
 Summon Horrible Things   Summ           57%        N/A       26%         8
 Death's Door             Necr           57%        N/A       98%         9
 Dragon's Call            Summ           57%        N/A       98%         9


Dungeon Overview and Level Annotations

Branches:
Dungeon (15/15)            Temple (1/1) D:5            Lair (5/5) D:9
  Swamp (4/4) Lair:2        Snake (4/4) Lair:3        Slime (5/5) Lair:5
    Orc (2/2) D:9             Elf (3/3) Orc:2        Vaults (4/5) D:14
  Crypt (3/3) Vaults:3       Tomb (0/3) Crypt:3      Depths (4/4) D:15
    Zot (5/5) Depths:4     WizLab (visited)         Gauntlet (visited)

Altars:
Ashenzari
Cheibriados
Dithmenos
Elyvilon
Fedhas
Gozag
Hepliaklqana
Kikubaaqudgha
Makhleb
Nemelex Xobeh
Okawaru
Qazlal
Ru
Sif Muna
Trog
Uskayaw
Vehumet
Wu Jian
Xom
Yredelemnul
Zin
The Shining One
Jiyva

Shops:
D:14 !   Orc:2 (:[*   Elf:1 (   Elf:2 !   Snake:1 *   Snake:4 [:!
Vaults:3 !(:!   Vaults:4 =

Portals:
Hell: Depths:1 Depths:2 Depths:3 Depths:4
Abyss: Depths:2 Depths:3 Depths:4
Pandemonium: Depths:2
Ziggurat: Depths:2

Annotations:
D:3 3 runed translucent doors, AceOff's ghost, amateur FoFi; ILmort's ghost, novice BaHu; Pim's ghost, amateur OpSh
D:5 1 runed translucent door, Crazy Yiuf
D:8 2 transporters, arrururu's ghost, novice BaFi


Innate Abilities, Weirdness & Mutations

You have very sharp teeth.
You are dopey. (Int -2)
Your magical capacity is low. (-10% MP)
You cannot be stealthy.
You have somewhat slow reflexes. (EV -5)
You are inexperienced. (-2 XL)
Your uncanny sense of smell can sniff out nearby items.
Your experience applies equally to all skills.
You cannot voluntarily change form.
You are partially covered in large bone plates. (SH +4)
You sometimes lose your temper in combat.
You occasionally lose the ability to drink potions when taking damage.


Message History

The Orb Guardian is heavily wounded.
You block the Orb Guardian's attack.
Your shadow wraith hits the Orb Guardian!
Unknown command.
You impale the Orb Guardian!!
You kill the Orb Guardian!
Your shadow wraith disappears in a puff of smoke!
No target in view!
Unknown command.
You swap places.
You swap places.
There is an open door here.
Your freezing wraith disappears in a puff of smoke!
Your shadow wraith disappears in a puff of smoke!
Your wraith disappears in a puff of smoke!
There is an open door here.
You feel yourself slow down.
There is a large open door here.
There is a staircase leading out of the dungeon here.
You fade into invisibility!
You feel mightier all of a sudden.
You feel yourself speed up.
You feel more buoyant.
You feel clever all of a sudden. Magic courses through your body.
Okay, then.
Unknown command.
Unknown command.
As you read the scroll of identify, it crumbles to dust.
b - a potion of resistance You feel protected.
Okay, then.
Unknown command.
Activating: Apocalypse
Press: ? - help, Dir - look around, f - activate You reveal the great annihilating truth to your foes!
You feel drained.
Unknown command.
Unknown command.
You have escaped!

##...# #...####...# #.##.#
.#...#
##########'####.##..
..>..#
###...##..##...##.##..
.#..##
#............§.)..##..
##..#
#.#...##..##...#......
##..##
####.###+######W####.##..
#...##
#.....#...####...#.......
#....#
#.#####...'..#...####.#..
##....###.#####.@.'..'...#
#>#..
#.......#.##..#...#..#...#
#....
#.............#...#..#...#
###..
#.......####..#####..#####
#..
###...#.####...##...##.#
#.. #...#...........####.#
#.. ##.##..###...##[# #.#
#.. #.##..# ##.###.#
#.########.. #.##..# #.#
#.# #...........


There were no monsters in sight!

Vanquished Creatures
  A dread lich (Zot:5)
  2 orbs of fire
  2 ancient liches
  A royal mummy (Crypt:3)
  Margery (Crypt:2)
  Josephina (Crypt:2)
  A Killer Klown (Zot:5)
  Bai Suzhen (Crypt:2)
  A curse toe (Zot:5)
  3 golden dragons
  Jory (Crypt:2)
  A bone dragon (Swamp:4)
  A Tzitzimitl (D:12)
  4 electric golems
  6 tentacled monstrosities
  2 walking crystal tomes (Depths:3)
  15 Orb Guardians
  A lich (Crypt:3)
  2 acid blobs
  3 sphinxes
  An ancient champion (Vaults:4)
  4 death cobs
  3 shadow dragons
  4 tengu reavers
  A nagaraja (Snake:4)
  3 storm dragons
  8 azure jellies
  8 draconian monks
  2 rockslimes
  4 fire giants
  4 deep elf sorcerers
  5 draconian scorchers
  6 frost giants
  4 vault wardens
  3 draconian shifters
  2 juggernaut zombies
  3 draconian knights
  A deep elf elementalist (Elf:2)
  A curse skull (Crypt:3)
  A balrug (Depths:4)
  An orc warlord (Orc:2)
  A ghost moth (Zot:1)
  3 ghouls
  2 draconian annihilators (Zot:2)
  5 ironbound preservers
  6 spriggan defenders
  A reaper (Crypt:3)
  8 quicksilver oozes
  3 draconian stormcallers
  5 very ugly things
  2 demonspawn corrupters
  10 ironbound thunderhulks
  2 war gargoyles
  6 stone giants
  4 green draconians
  4 vampire knights
  An eleionoma (Swamp:1)
  4 formless jellyfish
  10 black draconians
  2 dire elephants (Vaults:2)
  5 yellow draconians
  2 spark wasps
  8 purple draconians
  A spark wasp (shapeshifter) (Depths:3)
  8 white draconians
  A bunyip (Swamp:4)
  7 red draconians
  3 eidola (Crypt:3)
  A deep elf death mage (Vaults:1)
  Snorg (D:11)
  8 ettins
  A crystal guardian (Elf:3)
  4 jiangshi
  2 entropy weavers (Vaults:3)
  A merfolk javelineer (Depths:1)
  2 deep elf high priests
  9 fire dragons
  Harold (D:10)
  A hell beast (Depths:1)
  5 great orbs of eyes
  2 rakshasas (Depths:2)
  6 yaktaur captains
  A salamander tyrant (Snake:2)
  9 hydras
  4 catoblepae
  A fenstrider witch zombie (Crypt:3)
  2 spriggan air magi
  2 death knights
  2 centaur warriors
  A boulder beetle (Vaults:2)
  4 ghost crabs
  6 ironbound frosthearts
  An alligator (Swamp:2)
  4 anacondas
  3 two-headed ogres
  A deep troll shaman (Depths:2)
  8 dancing weapons
  7 naga warriors
  3 death yaks (Lair:5)
  4 vampire magi
  2 orc high priests (Orc:2)
  3 occultists (Depths:2)
  4 spriggan berserkers
  3 naga sharpshooters
  A tengu warrior (D:14)
  6 shock serpents
  5 deep troll earth magi
  3 sun demons
  3 deep elf knights
  Sonja (D:10)
  3 spriggans (Swamp:4)
  A titan skeleton (Crypt:3)
  A storm dragon zombie (Depths:3)
  4 hell knights
  An emperor scorpion zombie (Crypt:2)
  3 soul eaters
  A shadow wraith (Crypt:2)
  2 glowing orange brains
  5 skeletal warriors
  4 skysharks
  2 iron trolls
  3 spriggan druids
  3 sea snakes
  A naga ritualist (Snake:1)
  20 deep trolls
  A deep troll (shapeshifter) (Vaults:2)
  A spark wasp zombie (Depths:1)
  A swamp dragon (Swamp:4)
  2 spectral hydras (Swamp:4)
  A flayed ghost (Crypt:1)
  2 spriggan simulacra (Crypt:2)
  6 lindwurms
  9 necromancers
  2 deep elf archers
  11 deep elf pyromancers
  4 bog bodies
  12 ironbound convokers
  10 mana vipers
  5 orc knights
  3 arcanists
  6 harpies
  A fenstrider witch simulacrum (Crypt:2)
  A steelbarb worm (shapeshifter) (Vaults:2)
  3 phantasmal warriors (Crypt:3)
  An iron dragon zombie (Crypt:3)
  5 deep elf zephyrmancers
  2 large abominations (Gauntlet)
  3 wolf spiders
  2 cyclopes
  12 ugly things
  A toenail golem (Zot:5)
  2 tengu skeletons (Vaults:3)
  6 manticores
  12 elephants
  An orc sorcerer (Orc:2)
  Maurice (D:8)
  A frost giant skeleton (Vaults:3)
  4 dire elephant zombies
  Joseph (D:9)
  8 salamanders
  28 black mambas
  An eye of devastation (Slime:4)
  11 moths of wrath
  A naga zombie (Crypt:3)
  3 apocalypse crabs (Swamp:1)
  3 guardian serpents
  7 naga magi
  4 vault sentinels
  6 human skeletons
  2 dire elephant skeletons (Crypt:3)
  Psyche (D:10)
  An unseen horror (shapeshifter) (Vaults:2)
  6 freezing wraiths
  A rime drake (Lair:3)
  An efreet (D:15)
  5 komodo dragons
  6 cane toads
  Jeremiah (Lair:1)
  An unseen horror (D:10)
  2 guardian mummies (Crypt:3)
  An ice devil (Gauntlet)
  A yaktaur skeleton (Vaults:3)
  A tengu conjurer (Depths:1)
  22 yaktaurs
  3 polar bears (Lair:3)
  A harpy zombie (Crypt:3)
  2 hydra zombies (Swamp:4)
  8 hellwings (Crypt:3)
  6 hornets
  8 trolls
  A hornet (shapeshifter) (Elf:1)
  A fire dragon zombie (Crypt:1)
  A tyrant leech (Swamp:4)
  3 glass eyes
  A saltling (Vaults:2)
  An ettin zombie (Crypt:3)
  A radroach zombie (Crypt:1)
  A spectral swamp dragon (Swamp:4)
  10 blink frogs
  31 slime creatures
  5 dream sheep
  A spriggan skeleton (Depths:1)
  5 jumping spiders (Crypt:3)
  2 vampires
  6 water elementals
  An air elemental (Elf:2)
  3 ettin skeletons
  A shadow (D:10)
  3 wyverns
  2 wraiths (Crypt:1)
  29 yaks
  4 golden eyes
  3 fire elementals
  3 vampire mosquitoes
  2 steam dragons
  A hog (D:14)
  A chaos spawn (D:2)
  3 redbacks (Crypt:3)
  Eustachio (D:5)
  5 basilisks
  A water nymph zombie (Crypt:1)
  3 swamp worms
  27 nagas
  4 wargs
  A merfolk zombie (Crypt:2)
  A hell hound (Depths:1)
  10 water moccasins
  A glowing shapeshifter skeleton (Vaults:3)
  A deep troll skeleton (Crypt:3)
  14 orc warriors
  3 black bears
  7 centaurs
  4 ogres
  3 swamp dragon zombies (Swamp:4)
  16 wolves
  5 small abominations (Gauntlet)
  6 phantoms
  3 kobold brigands
  13 bullfrogs
  2 scorpions
  An earth elemental (Elf:1)
  A gnoll sergeant (D:6)
  4 wyvern skeletons (Crypt:3)
  7 wights
  10 killer bees
  A yak zombie (Crypt:2)
  A troll skeleton (Crypt:2)
  3 nameless horrors
  2 electric eels (Lair:2)
  8 howler monkeys
  A wolf skeleton (Crypt:2)
  A human zombie (Crypt:1)
  4 jellies
  3 orc priests
  4 hounds
  4 iguanas
  A sleepcap (D:7)
  Ijyb (D:4)
  8 orc wizards
  A spectral swamp drake (Swamp:4)
  13 gnolls
  6 adders
  A swamp drake zombie (Crypt:2)
  4 shadow imps
  7 white imps
  4 ufetubi
  3 worms
  3 dart slugs
  31 orcs
  9 endoplasms
  5 goblins
  10 hobgoblins
  12 jackals
  4 quokkas
  5 ball pythons
  3 bats
  3 frilled lizards (D:1)
  20 kobolds
  6 rats
1184 creatures vanquished.

Vanquished Creatures (collateral kills)
  the Royal Jelly (Slime:5)
  An ancient lich (Zot:5)
  3 orbs of fire (Zot:5)
  2 dread liches
  3 Killer Klowns (Zot:5)
  A shard shrike (Zot:4)
  Xtahua (Crypt:2)
  A curse toe (Zot:3)
  5 golden dragons
  2 bone dragons (Depths:4)
  Jorgrun (Orc:2)
  A walking crystal tome (Depths:3)
  2 liches
  15 tentacled monstrosities
  A deep elf blademaster (Elf:3)
  12 Orb Guardians
  A titan (Depths:3)
  An acid blob (shapeshifter) (Depths:2)
  4 sphinxes
  27 acid blobs
  6 quicksilver dragons
  Gastronok (Lair:1)
  2 deep elf master archers (Elf:3)
  6 death cobs
  Frances (D:14)
  An ancient champion (Crypt:1)
  An eldritch tentacle (Zot:4)
  A tengu reaver (Depths:2)
  17 azure jellies (Slime:5)
  11 storm dragons
  Kirke (D:14)
  5 shadow dragons
  2 revenants
  An azure jelly (shapeshifter) (Elf:3)
  5 nagarajas (Snake:4)
  16 rockslimes
  2 draconian knights
  6 deep elf sorcerers
  A balrug (D:1)
  3 draconian scorchers
  2 iron dragons
  2 fire giants
  3 frost giants
  2 draconian shifters (Zot:4)
  4 vault wardens
  A quicksilver ooze (shapeshifter) (Elf:3)
  2 orc warlords
  5 deep elf elementalists (Elf:3)
  2 draconian stormcallers
  10 ironbound preservers
  A spriggan defender (Depths:2)
  2 draconian annihilators (Zot:4)
  A juggernaut zombie (Depths:3)
  A cacodemon (D:2)
  4 ironbound thunderhulks
  A juggernaut skeleton (Crypt:3)
  3 demonspawn corrupters (WizLab)
  2 reapers (Crypt:3)
  A curse skull (Crypt:3)
  5 formless jellyfish
  4 stone giants
  5 very ugly things
  18 quicksilver oozes
  Nessos (D:13)
  3 green draconians
  4 eleionomae
  5 vampire knights
  3 deep elf demonologists (Elf:3)
  5 red draconians (Zot:4)
  4 white draconians
  5 dire elephants
  4 bunyips
  A minotaur (Gauntlet)
  8 black draconians
  4 yellow draconians
  Azrael (D:15)
  9 deep elf annihilators
  4 deep elf death magi
  5 purple draconians
  A blizzard demon (Depths:2)
  2 eidola
  4 ettins
  4 crystal guardians (Elf:3)
  3 jiangshi
  2 spriggan zombies (Crypt:3)
  10 deep elf high priests
  4 fire dragons
  A ragged hierophant (Vaults:2)
  A shambling mangrove (Swamp:4)
  19 great orbs of eyes
  8 hydras
  4 ice dragons
  5 yaktaur captains
  A fenstrider witch zombie (Crypt:1)
  An ogre mage (D:15)
  2 spriggan air magi
  3 rakshasas
  4 anacondas
  A hell beast (Depths:4)
  2 vault guards (Vaults:2)
  5 ghost crabs
  Erica (Lair:1)
  3 centaur warriors
  2 ironbound frosthearts
  A catoblepas (Lair:5)
  10 naga warriors
  2 boulder beetles
  21 dancing weapons
  5 alligators
  3 deep troll shamans (Depths:2)
  5 two-headed ogres
  3 occultists (WizLab)
  2 tengu warriors (D:13)
  4 deep troll earth magi (Depths:2)
  3 vampire magi
  3 death yaks (Lair:5)
  2 orc high priests (Orc:2)
  17 naga sharpshooters
  4 shock serpents
  Urug (Lair:2)
  A soul eater (Crypt:3)
  11 deep elf knights
  8 iron trolls
  6 spriggans
  2 hell knights (Crypt:2)
  A spectral bunyip (Swamp:4)
  4 goliath frogs
  8 skeletal warriors
  7 spriggan druids
  A death drake (Swamp:2)
  2 glowing orange brains
  3 salamander mystics
  2 sea snakes (Snake:3)
  4 naga ritualists
  8 arcanists
  6 deep elf archers
  18 deep trolls
  A swamp dragon (Swamp:3)
  An anaconda zombie (Crypt:3)
  4 flayed ghosts
  A spriggan simulacrum (Crypt:1)
  4 orc knights
  3 bog bodies
  An anaconda skeleton (Crypt:3)
  9 necromancers
  10 phantasmal warriors
  A harpy (shapeshifter) (Elf:1)
  3 harpies (Vaults:2)
  3 lindwurms
  17 deep elf zephyrmancers
  9 ironbound convokers
  26 deep elf pyromancers
  A sphinx simulacrum (Depths:3)
  2 salamanders (Snake:1)
  13 ugly things
  4 will-o-the-wisps
  8 mana vipers
  5 shining eyes
  A salamander (shapeshifter) (Elf:1)
  An alligator skeleton (Crypt:1)
  2 alligator zombies (Swamp:4)
  12 moths of wrath
  5 orc sorcerers
  A stone giant skeleton (Crypt:3)
  2 worldbinders (WizLab)
  An iron dragon skeleton (Crypt:3)
  9 vault sentinels
  5 manticores
  A black mamba (shapeshifter) (D:15)
  A dire elephant zombie (Crypt:1)
  An elephant (shapeshifter) (D:14)
  A guardian serpent (shapeshifter) (Zot:3)
  2 water nymphs (WizLab)
  14 black mambas
  An orange demon (Depths:4)
  3 guardian serpents
  An apocalypse crab (Swamp:1)
  2 centaur zombies (Crypt:3)
  2 frost giant skeletons (Depths:1)
  13 naga magi
  3 eyes of devastation
  A molten gargoyle (Vaults:2)
  A smoke demon (Zot:1)
  A dire elephant skeleton (Crypt:3)
  A storm dragon simulacrum (Crypt:1)
  A cane toad (Lair:3)
  4 human zombies
  5 swamp worm zombies (Swamp:4)
  2 elf skeletons (Vaults:3)
  5 yaktaurs
  5 freezing wraiths
  2 tengu conjurers
  A komodo dragon (Lair:3)
  A hydra zombie (Swamp:4)
  A death yak skeleton (Crypt:2)
  5 hellwings (Crypt:3)
  9 hornets
  A troll (Orc:2)
  A yellow draconian skeleton (Crypt:1)
  2 blink frogs (Lair:3)
  A raiju (shapeshifter) (Depths:3)
  11 tyrant leeches
  4 dream sheep
  A glass eye (Depths:2)
  A spectral swamp dragon (Swamp:4)
  A hydra skeleton (Crypt:1)
  A fire dragon zombie (Crypt:1)
  A centaur simulacrum (D:14)
  68 slime creatures
  2 air elementals
  2 jumping spiders (Vaults:3)
  5 wraiths
  8 yaks
  6 water elementals
  An ushabti (Crypt:3)
  2 basilisks
  5 fire elementals
  2 hogs (D:14)
  10 golden eyes
  Grum (D:11)
  6 vampire mosquitoes
  2 naga zombies
  A faun zombie (Crypt:2)
  10 swamp worms
  A swamp worm (shapeshifter) (Vaults:2)
  3 wargs
  27 nagas
  2 hydra simulacra (Zot:4)
  4 hell hounds
  3 acid dragons
  2 water moccasins
  14 orc warriors
  A two-headed ogre skeleton (Crypt:3)
  A swamp dragon zombie (Swamp:4)
  8 ogres
  A centaur (D:13)
  A lindwurm skeleton (Crypt:1)
  A bullfrog (Lair:4)
  A human skeleton (Vaults:3)
  2 wights (D:7)
  5 wyvern skeletons (Crypt:3)
  A yak skeleton (Crypt:2)
  2 howler monkeys (D:10)
  3 electric eels (Lair:2)
  4 nameless horrors
  2 jellies (Lair:5)
  7 orc priests
  A gnoll bouda (D:8)
  6 orc wizards
  A spectral swamp drake (Swamp:4)
  5 mummies (Crypt:1)
  An adder skeleton (Crypt:1)
  8 orcs
  A kobold (D:9)
  A goblin skeleton (Crypt:2)
  A spectral weapon (Swamp:1)
1124 creatures vanquished.

Vanquished Creatures (others)
  An orb of fire (Zot:5)
  A hellephant (Zot:4)
  A tentacled monstrosity (Zot:1)
  A quicksilver dragon (Zot:4)
  56 eldritch tentacles
  An azure jelly (Slime:5)
  A rockslime (Slime:5)
  A fire giant (Depths:1)
  A storm dragon (Zot:2)
  A draconian scorcher (Zot:1)
  2 vault wardens
  A balrug (Depths:2)
  A ghoul (Crypt:1)
  A stone giant (Depths:2)
  A green draconian (Zot:2)
  2 very ugly things (Depths:2)
  A deep elf annihilator (Elf:3)
  2 yellow draconians
  2 red draconians (Zot:1)
  A yaktaur captain (Vaults:3)
  A rakshasa (Depths:1)
  A dancing weapon (Elf:2)
  A naga sharpshooter (Snake:3)
  A hell knight (Crypt:2)
  A skeletal warrior (Crypt:1)
  4 deep trolls
  A deep elf pyromancer (Elf:3)
  A lindwurm (Vaults:1)
  2 deep elf zephyrmancers
  A centaur skeleton (Crypt:3)
  A naga mage (Snake:2)
  A yaktaur (Vaults:3)
  A freezing wraith (D:15)
  6 bloated husks
  A blink frog (Lair:3)
  A shadow (D:11)
  A swamp worm (Swamp:2)
  A harpy simulacrum (Crypt:2)
  A black mamba simulacrum (Crypt:2)
  2 phantoms (Swamp:4)
  A necrophage (Crypt:1)
  2 spectral swamp drakes (Swamp:4)
  5 foxfires
  106 snaplasher vines
223 creatures vanquished.

Grand Total: 2531 creatures vanquished

Notes
Turn   | Place    | Note
-------+----------+-------------------------------------------
     0 | D:1      | gruber the Gnoll Ice Elementalist began the quest for the
                  | Orb.
     0 | D:1      | Reached XP level 1. HP: 13/13 MP: 6/6
   183 | D:1      | Reached XP level 2. HP: 19/19 MP: 4/7
   555 | D:1      | Found a faded altar of an unknown god.
   810 | D:1      | Reached skill level 5 in Spellcasting
   810 | D:1      | Reached XP level 3. HP: 17/25 MP: 5/9
  1022 | D:2      | Learned a level 3 spell: Frozen Ramparts
  1233 | D:2      | Reached skill level 1 in Invocations
  1313 | D:2      | Reached skill level 1 in Fighting
  1313 | D:2      | Reached skill level 1 in Short Blades
  1313 | D:2      | Reached skill level 1 in Long Blades
  1313 | D:2      | Reached skill level 1 in Axes
  1313 | D:2      | Reached skill level 1 in Maces & Flails
  1313 | D:2      | Reached skill level 1 in Polearms
  1313 | D:2      | Reached skill level 1 in Staves
  1313 | D:2      | Reached skill level 1 in Ranged Weapons
  1313 | D:2      | Reached skill level 1 in Throwing
  1313 | D:2      | Reached skill level 1 in Armour
  1313 | D:2      | Reached skill level 1 in Shields
  1313 | D:2      | Reached skill level 1 in Unarmed Combat
  1313 | D:2      | Reached skill level 1 in Evocations
  1316 | D:2      | Reached XP level 4. HP: 32/32 MP: 3/11
  1565 | D:2      | Reached skill level 1 in Shapeshifting
  1964 | D:3      | Found a runed translucent gate.
  1983 | D:3      | Found a runed translucent gate.
  1983 | D:3      | Found a runed translucent gate.
  1986 | D:3      | Noticed Pim's ghost (amateur OpSh)
  1986 | D:3      | Noticed AceOff's ghost (amateur FoFi)
  1986 | D:3      | Noticed ILmort's ghost (novice BaHu)
  2670 | D:4      | Reached skill level 1 in Conjurations
  2670 | D:4      | Reached skill level 1 in Hexes
  2670 | D:4      | Reached skill level 1 in Summonings
  2670 | D:4      | Reached skill level 1 in Necromancy
  2670 | D:4      | Reached skill level 1 in Translocations
  2670 | D:4      | Reached skill level 1 in Transmutations
  2670 | D:4      | Reached skill level 1 in Fire Magic
  2670 | D:4      | Reached skill level 1 in Air Magic
  2670 | D:4      | Reached skill level 1 in Earth Magic
  2670 | D:4      | Reached skill level 1 in Poison Magic
  2694 | D:4      | Found a shimmering altar of Xom.
  2707 | D:4      | Noticed a phantom
  2762 | D:4      | Reached XP level 5. HP: 32/37 MP: 2/12
  2790 | D:4      | Noticed Ijyb
  2800 | D:4      | Killed Ijyb
  2952 | D:3      | Learned a level 3 spell: Ozocubu's Armour
  2957 | D:3      | Learned a level 4 spell: Summon Ice Beast
  3150 | D:4      | Reached XP level 6. HP: 44/44 MP: 2/13
  3377 | D:4      | Reached skill level 2 in Short Blades
  3377 | D:4      | Reached skill level 5 in Dodging
  3473 | D:4      | Found a sparkling altar of Nemelex Xobeh.
  3492 | D:5      | Entered Level 5 of the Dungeon
  3492 | D:5      | Noticed a black bear
  3498 | D:5      | Killed a black bear
  3499 | D:5      | Reached XP level 7. HP: 49/50 MP: 7/15
  3641 | D:5      | Found a staircase to the Ecumenical Temple.
  3765 | D:5      | Reached skill level 5 in Stealth
  4128 | D:5      | Reached XP level 8. HP: 55/57 MP: 8/16
  4130 | D:5      | Reached skill level 3 in Short Blades
  4222 | D:5      | Found a hazy altar of Hepliaklqana.
  4560 | D:5      | Noticed Eustachio
  4573 | D:5      | Killed Eustachio
  4738 | D:5      | Found a runed translucent door.
  4739 | D:5      | Noticed Crazy Yiuf
  4944 | D:6      | Identified the +0 robe "Seivosch" {rC+ rN+}
  4948 | D:6      | Identified the +6 dire flail of the Seven Planets {protect,
                  | Int+3}
  5172 | D:6      | Found a glowing golden altar of the Shining One.
  5894 | D:6      | Upgraded the game from 0.31-a0-986-g5e6e4ef867 to
                  | 0.31-a0-995-g04711c9635
  6023 | D:7      | Reached XP level 9. HP: 65/65 MP: 12/18
  6029 | D:7      | Reached skill level 4 in Short Blades
  6769 | D:8      | Noticed Maurice
  6773 | D:8      | Maurice stole an amulet of guardian spirit
  6795 | D:8      | Killed Maurice
  6933 | D:8      | Reached skill level 5 in Invocations
  7032 | D:8      | Found a burning altar of Makhleb.
  7386 | D:8      | Found an ornate altar of the Wu Jian Council.
  7565 | D:8      | Reached XP level 10. HP: 73/73 MP: 18/20
  7820 | D:8      | Found a sacrificial altar of Ru.
  7856 | D:8      | Found a transporter.
  7856 | D:8      | Identified the ring "Fubbe" {rElec rN+ EV+5}
  7857 | D:8      | Found a transporter.
  7881 | D:8      | Identified the +1 spear of Demand {chaos, rC+ rN+}
  7881 | D:8      | Identified the +2 scale mail of the Zebra {Will++ Dex+2}
  7945 | D:8      | Noticed arrururu's ghost (novice BaFi)
  7961 | D:9      | Noticed Joseph
  8124 | D:9      | Reached skill level 5 in Fighting
  8124 | D:9      | Reached skill level 5 in Short Blades
  8124 | D:9      | Reached skill level 5 in Long Blades
  8124 | D:9      | Reached skill level 5 in Axes
  8124 | D:9      | Reached skill level 5 in Maces & Flails
  8124 | D:9      | Reached skill level 5 in Polearms
  8124 | D:9      | Reached skill level 5 in Staves
  8124 | D:9      | Reached skill level 5 in Ranged Weapons
  8124 | D:9      | Reached skill level 5 in Throwing
  8124 | D:9      | Reached skill level 5 in Armour
  8124 | D:9      | Reached skill level 5 in Shields
  8124 | D:9      | Reached skill level 5 in Unarmed Combat
  8124 | D:9      | Reached skill level 5 in Evocations
  8559 | D:9      | Upgraded the game from 0.31-a0-995-g04711c9635 to
                  | 0.31-a0-997-g9a2f3ffc92
  8587 | D:9      | Paralysed by a hornet for 2 turns
  8595 | D:9      | Killed Joseph
  8953 | D:9      | Reached skill level 5 in Shapeshifting
  8997 | D:9      | Found a staircase to the Orcish Mines.
  9393 | D:9      | Found a staircase to the Lair.
  9611 | Lair:1   | Entered Level 1 of the Lair of Beasts
  9615 | Lair:1   | Noticed Jeremiah
  9725 | Temple   | Entered the Ecumenical Temple
  9841 | D:8      | Became a worshipper of Ru the Awakened
 10193 | Lair:1   | Killed Jeremiah
 10194 | Lair:1   | Reached XP level 11. HP: 35/81 MP: 3/22
 10221 | Lair:1   | Reached skill level 6 in Short Blades
 10229 | Lair:1   | HP: 4/81 [poisoned by a cane toad]
 10613 | Lair:1   | Reached skill level 5 in Conjurations
 10613 | Lair:1   | Reached skill level 5 in Hexes
 10613 | Lair:1   | Reached skill level 5 in Summonings
 10613 | Lair:1   | Reached skill level 5 in Necromancy
 10613 | Lair:1   | Reached skill level 5 in Translocations
 10613 | Lair:1   | Reached skill level 5 in Transmutations
 10613 | Lair:1   | Reached skill level 5 in Fire Magic
 10613 | Lair:1   | Reached skill level 5 in Air Magic
 10613 | Lair:1   | Reached skill level 5 in Earth Magic
 10613 | Lair:1   | Reached skill level 5 in Poison Magic
 10621 | Lair:1   | Noticed Erica
 10628 | Lair:1   | Killed Erica
 10858 | Lair:1   | Noticed Gastronok
 10894 | Lair:1   | Killed Gastronok
 11649 | Lair:2   | Found a staircase to the Swamp.
 11772 | Lair:2   | Gained mutation: You are somewhat inexperienced. (-1 XL)
                  | [Ru sacrifice]
 11772 | Lair:2   | Reached XP level 10. HP: 77/77 MP: 22/22
 11772 | Lair:2   | Reached * piety under Ru
 12153 | Lair:2   | Noticed Urug
 12184 | Lair:2   | Killed Urug
 12274 | Lair:2   | Identified the +5 trident "Nafedim" {speed, *Slow rPois
                  | rN++ Will+}
 12319 | Lair:2   | Reached XP level 11. HP: 83/83 MP: 17/23
 12409 | Lair:2   | Reached skill level 7 in Short Blades
 13136 | Lair:3   | Noticed a catoblepas
 13184 | Lair:3   | Killed a catoblepas
 13464 | Lair:3   | Noticed a catoblepas
 13486 | Lair:3   | Upgraded the game from 0.31-a0-997-g9a2f3ffc92 to
                  | 0.31-a0-1005-gfbdfbacc72
 13645 | Lair:3   | Noticed a six-headed hydra
 13671 | Lair:3   | Killed a six-headed hydra
 14406 | Lair:3   | Found a staircase to the Snake Pit.
 14423 | Lair:3   | Killed a catoblepas
 14828 | Lair:3   | Reached skill level 8 in Short Blades
 14828 | Lair:3   | Reached XP level 12. HP: 67/92 MP: 15/25
 15827 | Lair:4   | Reached skill level 10 in Ice Magic
 16092 | Lair:4   | Gained mutation: You cannot be stealthy. [Ru sacrifice]
 16092 | Lair:4   | Reached ** piety under Ru
 16788 | Lair:5   | Entered Level 5 of the Lair of Beasts
 17027 | Lair:5   | Found a staircase to the Slime Pits.
 17027 | Lair:5   | Found a viscous altar of Jiyva.
 17041 | Lair:5   | Reached skill level 10 in Spellcasting
 17988 | Lair:5   | Reached skill level 10 in Dodging
 18510 | D:10     | Entered Level 10 of the Dungeon
 18541 | D:10     | Noticed Psyche
 18549 | D:10     | Killed Psyche
 18737 | D:10     | Found a stormy altar of Qazlal.
 19064 | D:10     | Noticed Sonja
 19074 | D:10     | Reached skill level 9 in Short Blades
 19074 | D:10     | Reached XP level 13. HP: 101/101 MP: 21/27
 19075 | D:10     | Noticed Harold
 19084 | D:10     | Killed Sonja
 19094 | D:10     | Killed Harold
 19572 | D:10     | Found a hide-covered altar of Uskayaw.
 19572 | D:10     | Found a glowing silver altar of Zin.
 20107 | D:11     | Reached skill level 10 in Invocations
 20404 | D:11     | Noticed Snorg
 20423 | D:11     | Killed Snorg
 20553 | D:11     | Noticed Grum
 20563 | D:11     | Killed Grum
 20982 | D:12     | Found a gate leading to a gauntlet.
 21084 | Gauntlet | Entered a Gauntlet
 21084 | Gauntlet | Found a transporter.
 21094 | Gauntlet | Found a transporter.
 21096 | Gauntlet | Found a transporter.
 21097 | Gauntlet | Found a transporter.
 21105 | Gauntlet | Found a transporter.
 21108 | Gauntlet | Found a transporter.
 21109 | Gauntlet | Found a transporter.
 21118 | Gauntlet | Found a transporter.
 21121 | Gauntlet | Found a transporter.
 21122 | Gauntlet | Found a transporter.
 21134 | Gauntlet | Found a transporter.
 21134 | Gauntlet | Found a transporter.
 21135 | Gauntlet | Found a transporter.
 21141 | Gauntlet | Found a runed translucent gate.
 21141 | Gauntlet | Found a runed translucent gate.
 21141 | Gauntlet | Found a runed translucent gate.
 21143 | Gauntlet | Found a transporter.
 21823 | Gauntlet | Learned a level 5 spell: Irradiate
 22118 | D:12     | Identified the +6 long sword of the Freezing Fulmar {heavy,
                  | Will- Dex+5}
 22155 | D:12     | Found a stormy altar of Qazlal.
 22672 | D:12     | Learned a level 5 spell: Summon Mana Viper
 22713 | D:12     | You fall into a shaft and drop 1 floor!
 22777 | D:13     | Noticed Nessos
 22791 | D:13     | Killed Nessos
 23011 | D:13     | Upgraded the game from 0.31-a0-1005-gfbdfbacc72 to
                  | 0.31-a0-1009-g454b1f1e0a
 23410 | D:13     | Found a broken altar of Ashenzari.
 24455 | D:14     | Noticed Kirke
 24458 | D:14     | Noticed Frances
 24750 | D:14     | Identified the +0 pair of gloves of the Intense God
                  | {Stlth+}
 25493 | D:14     | Identified the +5 arbalest of Immorality {drain, *Corrode
                  | rPois rF++ Stlth+}
 25510 | D:14     | Reached XP level 14. HP: 109/109 MP: 18/29
 25786 | D:14     | Killed Kirke
 25868 | D:14     | Killed Frances
 25869 | D:14     | Reached skill level 10 in Fighting
 25869 | D:14     | Reached skill level 10 in Short Blades
 25869 | D:14     | Reached skill level 10 in Long Blades
 25869 | D:14     | Reached skill level 10 in Axes
 25869 | D:14     | Reached skill level 10 in Maces & Flails
 25869 | D:14     | Reached skill level 10 in Polearms
 25869 | D:14     | Reached skill level 10 in Staves
 25869 | D:14     | Reached skill level 10 in Ranged Weapons
 25869 | D:14     | Reached skill level 10 in Throwing
 25869 | D:14     | Reached skill level 10 in Armour
 25869 | D:14     | Reached skill level 10 in Shields
 25869 | D:14     | Reached skill level 10 in Unarmed Combat
 25869 | D:14     | Reached skill level 10 in Evocations
 26098 | D:14     | Gained mutation: You have somewhat slow reflexes. (EV -5)
                  | [Ru sacrifice]
 26098 | D:14     | Reached *** piety under Ru
 26125 | D:14     | Found Ziminnao's Distillery.
 26400 | D:14     | Found a gate to the Vaults.
 26499 | D:15     | Entered Level 15 of the Dungeon
 26707 | D:15     | Noticed Azrael
 27535 | Orc:1    | Entered Level 1 of the Orcish Mines
 27665 | Orc:2    | Entered Level 2 of the Orcish Mines
 27978 | Orc:2    | Found Cakatah's Antique Armour Boutique.
 28919 | Orc:2    | Found a staircase to the Elven Halls.
 29040 | Orc:2    | Noticed an orc warlord
 29071 | Orc:2    | Killed an orc warlord
 29327 | Orc:2    | Noticed Jorgrun
 29352 | Orc:2    | Killed Jorgrun
 29443 | Orc:2    | Found Xoyla's Book Boutique.
 29883 | Orc:2    | Found Amax's Antique Weapon Boutique.
 29988 | Orc:2    | Found Bod Tuokk's General Store.
 30531 | Snake:1  | Entered Level 1 of the Snake Pit
 30688 | Snake:1  | Gained mutation: You cannot voluntarily change form. [Ru
                  | sacrifice]
 31075 | Snake:1  | Found Kiri's Overcharged Wands.
 31532 | Snake:1  | Reached XP level 15. HP: 33/114 MP: 2/30
 32627 | Snake:2  | Reached skill level 11 in Short Blades
 34377 | Snake:2  | Identified the +1 scale mail of the Pits of Slime {rElec
                  | Str+4}
 35295 | Snake:3  | Found a hide-covered altar of Uskayaw.
 36030 | Snake:3  | Reached skill level 12 in Short Blades
 36225 | Snake:3  | Gained mutation: You are inexperienced. (-2 XL) [Ru
                  | sacrifice]
 36225 | Snake:3  | Reached XP level 14. HP: 94/113 MP: 9/30
 36225 | Snake:3  | Reached **** piety under Ru
 36225 | Snake:3  | Reached ***** piety under Ru
 37063 | Snake:3  | Reached XP level 15. HP: 117/119 MP: 18/31
 37307 | Snake:3  | Learned a level 5 spell: Summon Forest
 37312 | Snake:3  | Learned a level 4 spell: Manifold Assault
 38737 | Snake:4  | Entered Level 4 of the Snake Pit
 38776 | Snake:3  | Learned a level 2 spell: Blink
 39072 | Snake:4  | Found Cilem's Armour Boutique.
 39562 | Snake:4  | Found Qufrin Azaxo's Distillery.
 39570 | Snake:4  | Bought a potion of heal wounds for 65 gold pieces
 39936 | Snake:4  | Reached skill level 10 in Conjurations
 39936 | Snake:4  | Reached skill level 10 in Hexes
 39936 | Snake:4  | Reached skill level 10 in Summonings
 39936 | Snake:4  | Reached skill level 10 in Necromancy
 39936 | Snake:4  | Reached skill level 10 in Translocations
 39936 | Snake:4  | Reached skill level 10 in Transmutations
 39936 | Snake:4  | Reached skill level 10 in Fire Magic
 39936 | Snake:4  | Reached skill level 10 in Air Magic
 39936 | Snake:4  | Reached skill level 10 in Earth Magic
 39936 | Snake:4  | Reached skill level 10 in Poison Magic
 40420 | Snake:4  | Found Ytemn's Book Shoppe.
 40698 | Snake:4  | Reached skill level 13 in Short Blades
 42271 | Snake:4  | Got a serpentine rune of Zot
 42449 | Swamp:1  | Entered Level 1 of the Swamp
 42520 | Swamp:1  | Found a runed translucent door.
 44167 | Swamp:1  | Reached XP level 16. HP: 127/127 MP: 29/33
 44630 | Swamp:1  | Identified the +6 plate armour of the Quahog {Str+5}
 45598 | Swamp:2  | Gained mutation: Your magical capacity is low. (-10% MP)
                  | [Ru sacrifice]
 47129 | Swamp:3  | Reached skill level 14 in Short Blades
 47580 | Swamp:4  | Entered Level 4 of the Swamp
 49472 | Swamp:4  | Noticed a bone dragon
 50538 | D:15     | Found a snail-covered altar of Cheibriados.
 50948 | D:15     | Killed Azrael
 51186 | D:15     | Upgraded the game from 0.31-a0-1009-g454b1f1e0a to
                  | 0.31-a0-1010-g5322dac6a2
 51290 | D:15     | Found a staircase to the Depths.
 51808 | Desolati | Identified the "Siacki"
 51808 | Vaults:5 | Identified the "Yshecat"
 51808 | Vaults:5 | Identified the of Idaafuenk
 51808 | Vaults:5 | Identified the "Oleitz"
 51808 | Depths:3 | Identified the of Maadghou
 51808 | Elf:1    | Entered Level 1 of the Elven Halls
 52182 | Elf:1    | Paralysed by an air elemental for 1 turns
 52313 | Elf:1    | Found Iwnimeal's Weapon Emporium.
 52851 | Elf:1    | Reached XP level 17. HP: 120/136 MP: 24/31
 53478 | WizLab   | Identified the of Uteddate
 53482 | Elf:2    | Paralysed by an air elemental for 1 turns
 53491 | Elf:2    | Reached skill level 15 in Short Blades
 53631 | Elf:2    | Found Ruuneh's Distillery.
 53637 | Elf:2    | Bought a potion of heal wounds for 75 gold pieces
 53637 | Elf:2    | Bought a potion of heal wounds for 75 gold pieces
 54042 | Elf:2    | Found a magical portal.
 54055 | WizLab   | Entered Alistair's Party Mansion
 54056 | WizLab   | Identified a scroll of acquirement
 54057 | WizLab   | Acquired the ring "Vyasaog" {Fly rC+}
 55646 | WizLab   | Learned a level 1 spell: Apportation
 56069 | Elf:2    | Acquired the +6 tower shield of the Leaf {Str+2 Stlth+}
 56330 | Elf:2    | Found a runed translucent gate.
 56330 | Elf:2    | Found a runed translucent gate.
 56330 | Elf:2    | Found a runed translucent gate.
 58183 | Elf:3    | Entered Level 3 of the Elven Halls
 58365 | Elf:3    | Paralysed by an air elemental for 1 turns
 58505 | Elf:3    | Reached skill level 16 in Short Blades
 58505 | Elf:3    | Reached XP level 18. HP: 145/145 MP: 28/32
 59017 | Elf:3    | Found a shimmering blue altar of Sif Muna.
 59633 | Elf:3    | Reached skill level 15 in Invocations
 61416 | Elf:3    | Identified the +6 shortbow "Fangaqor" {heavy, Str+2 Stlth+}
 62318 | Elf:3    | Found the +3 Mad Mage's Maulers {Infuse+∞ VampMP -Cast}
 62325 | Elf:3    | Identified the +4 ring mail of Midsummer {+Inv Int+2}
 62353 | Elf:3    | Learned a level 5 spell: Borgnjor's Vile Clutch
 62775 | Swamp:4  | Killed a bone dragon
 62941 | Swamp:4  | Got a decaying rune of Zot
 63237 | Vaults:1 | Entered Level 1 of the Vaults
 63483 | Vaults:1 | Reached skill level 15 in Spellcasting
 64101 | Vaults:1 | Reached skill level 17 in Short Blades
 64348 | Vaults:1 | Reached skill level 15 in Dodging
 64391 | Vaults:1 | Reached XP level 19. HP: 103/150 MP: 5/34
 64905 | Vaults:1 | Identified the +10 shortbow of Olug {freeze, Str+2}
 65783 | Vaults:2 | Reached skill level 15 in Fighting
 65783 | Vaults:2 | Reached skill level 15 in Polearms
 66049 | Vaults:2 | Gained mutation: You are dopey. (Int -2) [Ru sacrifice]
 66049 | Vaults:2 | Reached ****** piety under Ru
 69297 | Vaults:3 | Found Wosteaff's Book Shop.
 69674 | Vaults:3 | Found Manoyh's Antique Weapon Shop.
 69706 | Vaults:3 | Reached skill level 18 in Short Blades
 69731 | Vaults:3 | Found Rovy's Distillery.
 69822 | Vaults:3 | Identified the +5 morningstar of Beogh, Fortifying {flame,
                  | rCorr}
 70207 | Vaults:3 | Reached skill level 15 in Long Blades
 70207 | Vaults:3 | Reached skill level 15 in Axes
 70207 | Vaults:3 | Reached skill level 15 in Maces & Flails
 70207 | Vaults:3 | Reached skill level 15 in Staves
 70207 | Vaults:3 | Reached skill level 15 in Ranged Weapons
 70207 | Vaults:3 | Reached skill level 15 in Throwing
 70207 | Vaults:3 | Reached skill level 15 in Armour
 70207 | Vaults:3 | Reached skill level 15 in Shields
 70207 | Vaults:3 | Reached skill level 15 in Unarmed Combat
 70207 | Vaults:3 | Reached skill level 15 in Evocations
 70629 | Vaults:3 | Found a staircase to the Crypt.
 70658 | Vaults:3 | Reached XP level 20. HP: 164/164 MP: 27/35
 70884 | Vaults:3 | Found Egioz's Distillery.
 70943 | Vaults:3 | Identified the +0 pair of gloves of Time Monsters {+Inv
                  | rC+}
 71770 | Vaults:4 | Noticed a dread lich
 72227 | Vaults:4 | Found Otwei's Jewellery Shoppe.
 72232 | Vaults:4 | Bought the ring of Ephemeral Luck {Str+3 Int+6 Dex+3} for
                  | 722 gold pieces
 73121 | Vaults:4 | Killed a dread lich
 74174 | Depths:1 | Entered Level 1 of the Depths
 75191 | Depths:1 | Found a gateway to Hell.
 75930 | Depths:1 | Reached skill level 19 in Short Blades
 77382 | Depths:2 | Reached XP level 21. HP: 173/174 MP: 24/37
 77429 | Depths:2 | Reached skill level 15 in Ice Magic
 78443 | Depths:2 | Noticed a golden dragon
 78465 | Depths:2 | Killed a golden dragon
 78873 | Depths:2 | Found a one-way gate leading to the halls of Pandemonium.
 79073 | Depths:2 | Found a one-way gateway to a ziggurat.
 80351 | Depths:2 | Found a one-way gate to the infinite horrors of the Abyss.
 80789 | Depths:2 | Noticed a caustic shrike
 80794 | Depths:2 | a caustic shrike changed into a golden dragon
 80794 | Depths:2 | Noticed a golden dragon (glowing shapeshifter)
 80965 | Depths:2 | Upgraded the game from 0.31-a0-1010-g5322dac6a2 to
                  | 0.31-a0-1025-g2e47921a08
 81373 | Depths:3 | Noticed a golden dragon
 81373 | Depths:3 | Noticed a golden dragon
 81398 | Depths:3 | Killed a golden dragon
 82066 | Depths:3 | Killed a golden dragon
 82250 | Depths:3 | Reached skill level 20 in Short Blades
 82909 | Depths:3 | Reached XP level 22. HP: 147/184 MP: 6/38
 84429 | Depths:4 | Entered Level 4 of the Depths
 86159 | Depths:4 | Found a gate to the Realm of Zot.
 86510 | Slime:1  | Entered Level 1 of the Pits of Slime
 86516 | Slime:1  | Paralysed by a formless jellyfish for 1 turns
 89373 | Slime:3  | Upgraded the game from 0.31-a0-1025-g2e47921a08 to
                  | 0.31-a0-1042-ga9834b393d
 89746 | Slime:3  | Found a viscous altar of Jiyva.
 89802 | Slime:5  | Entered Level 5 of the Pits of Slime
 90764 | Slime:5  | Reached skill level 21 in Short Blades
 91234 | Slime:5  | Found a viscous altar of Jiyva.
 91426 | Slime:5  | Reached XP level 23. HP: 194/194 MP: 14/40
 91921 | Slime:5  | Noticed the Royal Jelly
 93116 | Crypt:1  | Entered Level 1 of the Crypt
 94755 | Crypt:2  | Noticed Bai Suzhen
 94763 | Crypt:2  | Identified the ring of Otufempu {Ice Stlth+}
 94763 | Crypt:2  | Noticed Josephina
 95362 | Crypt:2  | Noticed Xtahua
 95380 | Crypt:2  | Killed Xtahua
 95541 | Crypt:2  | Killed Josephina
 95694 | Crypt:2  | Noticed Jory
 95712 | Crypt:2  | Killed Jory
 96277 | Crypt:2  | Noticed Margery
 96293 | Crypt:2  | Killed Margery
 96527 | Crypt:2  | Killed Bai Suzhen
 97533 | Crypt:3  | Entered Level 3 of the Crypt
 98752 | Crypt:3  | Found an ancient bone altar of Kikubaaqudgha.
 99705 | Crypt:3  | Noticed a royal mummy
 99710 | Crypt:3  | Identified the +8 flail "Hyxt" {heavy, rC+ rN+}
 99710 | Crypt:3  | Identified the ring of Law {rN+ Str+8}
 99727 | Crypt:3  | Killed a royal mummy
100030 | Crypt:3  | Found a staircase to the Tomb.
100239 | Crypt:3  | Identified the ring of Xowydun {rPois rF- rN+ Int+5 Dex+2}
100246 | Crypt:3  | Reached skill level 22 in Short Blades
100295 | Crypt:3  | Noticed a dread lich
100324 | Crypt:3  | Killed a dread lich
100325 | Crypt:3  | Reached skill level 15 in Conjurations
100325 | Crypt:3  | Reached skill level 15 in Hexes
100325 | Crypt:3  | Reached skill level 15 in Summonings
100325 | Crypt:3  | Reached skill level 15 in Necromancy
100325 | Crypt:3  | Reached skill level 15 in Translocations
100325 | Crypt:3  | Reached skill level 15 in Transmutations
100325 | Crypt:3  | Reached skill level 15 in Fire Magic
100325 | Crypt:3  | Reached skill level 15 in Air Magic
100325 | Crypt:3  | Reached skill level 15 in Earth Magic
100325 | Crypt:3  | Reached skill level 15 in Poison Magic
100412 | Crypt:3  | Noticed an ancient lich
100660 | Crypt:3  | Killed an ancient lich
100746 | Crypt:3  | Identified the ring of Xadghesife {+Blink Fly rN+}
101708 | D:14     | Learned a level 7 spell: Malign Gateway
101716 | D:14     | Learned a level 7 spell: Haunt
102112 | Vaults:1 | Identified the +10 glaive "Kitavvafabo" {freeze, Contam Fly
                  | rPois rN+}
103208 | Slime:4  | Reached XP level 24. HP: 205/205 MP: 24/40
106331 | Slime:5  | Killed the Royal Jelly
106595 | Slime:5  | Identified the amulet of Baerenof {Spirit Fly Will+ Str+4
                  | Int+2}
106607 | Slime:5  | Identified the +1 sling of World Downfall {flame, Will+}
106632 | Slime:5  | Got a slimy rune of Zot
107212 | Zot:1    | Entered Level 1 of the Realm of Zot
108621 | Zot:1    | Found an opulent altar of Gozag.
108768 | Zot:1    | Found an opulent altar of Gozag.
108853 | Zot:1    | Found an opulent altar of Gozag.
112168 | Zot:2    | Upgraded the game from 0.31-a0-1042-ga9834b393d to
                  | 0.31-a0-1059-g83d41fd8b6
112833 | Zot:3    | Identified the +8 hand axe "Itixam" {heavy, Str-2 Int+4}
114094 | Zot:3    | Upgraded the game from 0.31-a0-1059-g83d41fd8b6 to
                  | 0.31-a0-1066-g35875b34c7
114152 | Zot:4    | Noticed an orb of fire
114645 | Zot:4    | Reached skill level 23 in Short Blades
115124 | Zot:4    | Reached XP level 25. HP: 215/215 MP: 25/41
115558 | Zot:4    | Gained mutation: You occasionally lose the ability to drink
                  | potions when taking damage. [an orb of fire]
115567 | Zot:4    | Killed an orb of fire
116616 | Zot:5    | Entered Level 5 of the Realm of Zot
117845 | Zot:5    | Noticed an orb of fire
117857 | Zot:5    | Killed an orb of fire
117857 | Zot:5    | Noticed an orb of fire
117861 | Zot:5    | Gained mutation: You sometimes lose your temper in combat.
                  | [an orb of fire]
117862 | Zot:5    | Gained mutation: You are partially covered in large bone
                  | plates. (SH +4) [an orb of fire]
117872 | Zot:5    | Killed an orb of fire
118260 | Zot:5    | Noticed a dread lich
118289 | Zot:5    | Killed a dread lich
119876 | Zot:5    | Noticed an orb of fire
119887 | Zot:5    | Killed an orb of fire
120527 | Zot:5    | Noticed an ancient lich
120545 | Zot:5    | Killed an ancient lich
121394 | Zot:5    | Noticed an ancient lich
121404 | Zot:5    | Killed an ancient lich
123270 | Zot:5    | Noticed an orb of fire
123377 | Zot:5    | Killed an orb of fire
128256 | Zot:5    | Noticed an orb of fire
128275 | Zot:5    | Killed an orb of fire
129910 | Zot:5    | Reached skill level 24 in Short Blades
130552 | Zot:5    | Got the Orb of Zot
131340 | D:$      | Escaped with the Orb!

Illustrated notes

Levels and vault maps discovered:
D:1:      dpeg_arrival_houses_and_road, layout_loops_ring,
          ebering_ecumenical_altar_rust
D:2:      kennysheep_six_static_rooms, layout_basic
D:3:      layout_loops_cross, gammafunk_ghost_cemetery
D:4:      layout_rooms, nemelex_diamond_rough_becter,
          mainiacjoe_overflow_cross_hatched, uniq_ijyb
D:5:      layout_gridville, mainiacjoe_overflow_paths,
          minmay_temple_entry_junction_2, uniq_eustachio,
          uniq_crazy_yiuf_cottage
D:6:      layout_rooms, nicolae_overflow_crystal_walls, serial_co_window_serial,
          co_window_corner_a, co_window_paths_a, co_window_corner_a,
          co_window_paths_b, co_window_corner_a, co_window_2corner,
          co_window_corner_b, co_window_broadway_a, co_window_broadway_b,
          co_window_paths_d, glass_columns_c
D:7:      layout_basic, dreamdust_wishing_well
D:8:      layout_basic, mainiacjoe_overflow_surrounded_room,
          nicolae_ru_path_of_blood, nzn_wu_jian_contemplation,
          gammafunk_ghost_gnarly_gnolls, uniq_maurice
D:9:      layout_small_grid, lair_entry_dummy, david_orc_1_choice, uniq_joseph
D:10:     minmay_angry_zag, layout_loops_ring,
          gammafunk_temple_overflow_forgotten, uniq_harold, uniq_psyche,
          uniq_sonja
D:11:     layout_roguey, uniq_snorg, uniq_grum
D:12:     layout_basic, gauntlet_entry_generic, nicolae_qazlal_scattered_showers
D:13:     layout_rooms, nicolae_ashenzari_panopticon, uniq_nessos
D:14:     layout_small_grid, david_vaults_1, roderic_lattice_octagonal_star,
          serial_shops, shop, minmay_circle_x, uniq_frances, uniq_kirke
D:15:     hangedman_depths_entry_try_elsewhere_first, layout_cross,
          cheibriados_altar_1, uniq_azrael
Temple:   nicolae_temple_ecumenical_triangle
Lair:1:   layout_gridlike, uniq_gastronok, uniq_jeremiah, uniq_erica
Lair:2:   layout_chaotic_city, swamp_mist_pool, serial_bayou_shore_a,
          grunt_megastairs_3, uniq_urug
Lair:3:   layout_big_grid, minmay_snake_entry_guardpost_small, minivault_26,
          dreamdust_mushroom_princess, serial_bayou_shore_b
Lair:4:   layout_roguey, nicolae_quartered_pool_impasse
Lair:5:   evilmike_catoblepas_cave, layout_small_grid,
          nicolae_slime_entry_field_trip, serial_bayou_shore_b
Swamp:1:  gammafunk_mikee_crab_dinner, layout_basic_swamp,
          nicolae_swamp_ascending_descending, swamp_pool_1_2
Swamp:2:  layout_basic_swamp, evilmike_swamp_ruin_house_6,
          infiniplex_staircase_pool
Swamp:3:  layout_basic_swamp, serial_swamp_ruin, evilmike_swamp_ruin_house_1,
          evilmike_swamp_ruin_house_4
Swamp:4:  swamp_pestilence, layout_basic_swamp
Snake:1:  cheibrodos_forgotten_conduit, layout_misc_corridors,
          nicolae_snake_gridmaze_waves, nicolae_shop_overcharged_wands
Snake:2:  layout_misc_corridors
Snake:3:  nicolae_snake_shooting_gallery, layout_layer_cave, basic_altar
Snake:4:  grunt_snake_rune_pools, layout_cave_town, serial_shops, shop, shop,
          shop, lemuel_fruit_tree
Slime:1:  layout_caves, cheibrodos_slime_lost_civilization_5
Slime:2:  layout_caves, nicolae_slime_crime_time
Slime:3:  layout_caves, basic_altar
Slime:4:  layout_caves
Slime:5:  slime_pit_nicolae_block_by_block
Orc:1:    layout_caves
Orc:2:    grunt_orc_gardens, layout_caves, grunt_orc_garden, grunt_orc_garden,
          grunt_orc_garden, grunt_orc_garden, hangedman_feature_mirror,
          uniq_jorgrun
Elf:1:    layout_geoelf_octagon, serial_shops, shop,
          kennysheep_underground_church, billiards_dpeg
Elf:2:    nicolae_elf_blades_splatter_lattice [nooodl_blade_entry_preview],
          layout_geoelf_grid, mu_enter_wizlab_5, serial_shops,
          nicolae_shop_industrial_runoff
Elf:3:    minmay_elf_hall_golems, layout_geoelf_diagonals, basic_altar
Vaults:1: nicolae_vaults_prndl, nicolae_vaults_alarming,
          serial_library_hellmonk_open_square, vaults_room_glass_cross,
          nicolae_vaults_closet_pinwheel_1, nicolae_vaults_inception_statues,
          grunt_vaults_hallway_long, nicolae_vaults_offset_grid_hallway_4,
          nicolae_vaults_sightless_eye, nicolae_vaults_offset_grid_hallway_4,
          nicolae_vaults_tetromino_T_1, nicolae_vaults_more_shelving_2,
          layout_vaults_maze_bifur
Vaults:2: portal_desolation_entry_salt, nicolae_vaults_wrenched,
          ontoclasm_vaults_ring_small, nicolae_vaults_doubleplus_tesselated,
          nicolae_vaults_stepped_doors, vaults_room_corners, v_misc_33,
          nicolae_vaults_asterisk, v_misc_26, nicolae_vaults_shelves_hall,
          nicolae_vaults_diamond_2, nicolae_vaults_diamond_1,
          nicolae_vaults_loss_of_containment, nicolae_vaults_tangram_2,
          grunt_vaults_diagonal, vaults_dpeg_ring, nicolae_vaults_cochlea,
          layout_vaults_omnibox
Vaults:3: nicolae_vaults_trapezoid_lopsided_2, v_misc_3,
          nicolae_vaults_tangram_1, minmay_crypt_entry_skeletal_spiral,
          nicolae_vaults_storage_closets_2, vaults_dpeg_hooks, v_alt_pattern_5,
          nicolae_vaults_quartermaster, nicolae_vaults_surprise_closet,
          layout_vaults_chaotic_city, serial_shops, shop, nicolae_square_shop,
          nicolae_shop_back_alley_shop, shop
Vaults:4: v_misc_19, nicolae_vaults_trapezoid_lopsided_4,
          ontoclasm_vaults_loading_screen, nicolae_vaults_closet_pinwheel_3,
          ontoclasm_vaults_ring_square, nicolae_vaults_octothorpe,
          nicolae_vaults_diffraction_hallways, dpeg_vaults_monster_row,
          layout_vaults_omnigrid, serial_shops, nicolae_shop_hallway_plus
Crypt:1:  layout_misc_corridors, grunt_crypt_arrival_guarded_gate, uniq_grunn
Crypt:2:  layout_catacombs, grunt_ministairs_11, uniq_margery, uniq_xtahua,
          uniq_josephina, uniq_jory, uniq_bai_suzhen
Crypt:3:  evilmike_haunted_forest
Depths:1: layout_roguey, special_room [special_room_mythical_zoo],
          pf_hell_entry_tar_spiral, kennysheep_small_spiral, hex_medium,
          kennysheep_diamond, serial_bayou_ford_a,
          hangedman_abyss_or_decor_passed
Depths:2: minmay_big_diamond_grid, layout_basic, enter_ziggurat_f,
          grunt_pan_entry_in_and_out, hell_entry, abyss_entry,
          infiniplex_staircase_pillars_1
Depths:3: nicolae_fronds_of_death, layout_small_grid, hell_entry,
          abyss_entry_small_statue_room, minmay_crystal_water, minislime_mu,
          infiniplex_staircase_door_maze, serial_bayou_shore_b
Depths:4: evilmike_zot_entry_hall, layout_cave_shapes, abyss_entry_glasseish,
          grunt_mini_vestibule
Zot:1:    layout_concentric_octagons, grunt_ministairs_2,
          regret_index_zotdec_silver_v_v_loose
Zot:2:    layout_onion
Zot:3:    layout_gridville, regret_index_zotdec_banners
Zot:4:    layout_onion, regret_index_zotdec_serpentine_coiled,
          hangedman_elemental_grid_stream
Zot:5:    layout_basic

Skill      XL: |  1  2  3  4  5  6  7  8  9 10 11 12 13 14 15 16 17 18 19 20 21 22 23 24 25 |
---------------+----------------------------------------------------------------------------+-----
Spellcasting   | 5 6 7 9 10 11 13 14 15 16 17 18 19 | 19.6
Invocations    | 1 2 3 4 5 6 8 9 10 11 13 14 15 16 17 18 19 20 | 20.6
Fighting       | 1 2 3 4 5 8 9 10 12 13 14 15 17 18 19 20 21 22 | 22.7
Short Blades   | 1 2 3 4 5 8 9 10 13 14 16 17 18 19 20 21 22 23 24 | 24.1
Long Blades    | 1 2 3 4 5 8 9 10 12 13 14 15 16 17 18 19 | 19.1
Axes           | 1 2 3 4 5 8 9 10 12 13 14 15 16 17 18 19 | 19.1
Maces & Flails | 1 2 3 4 5 8 9 10 12 13 14 15 16 17 18 19 | 19.1
Polearms       | 1 2 3 4 5 8 9 10 12 13 14 15 17 18 19 20 21 22 | 22.7
Staves         | 1 2 3 4 5 8 9 10 12 13 14 15 16 17 18 19 | 19.1
Ranged Weapons | 1 2 3 4 5 8 9 10 12 13 14 15 16 17 18 20 | 20.3
Throwing       | 1 2 3 4 5 8 9 10 12 13 14 15 16 17 18 19 | 19.1
Armour         | 1 2 3 4 5 8 9 10 12 13 14 15 16 17 18 19 | 19.1
Shields        | 1 2 3 4 5 8 9 10 12 13 14 15 16 17 18 19 | 19.1
Unarmed Combat | 1 2 3 4 5 8 9 10 12 13 14 15 16 17 18 20 | 20.3
Evocations     | 1 2 3 4 5 8 9 10 12 13 14 15 16 17 18 19 | 19.1
Shapeshifting  | 1 2 3 4 5 7 8 9 0 |  0.0
Conjurations   | 1 2 3 4 6 7 8 9 10 11 12 13 14 15 16 | 16.3
Hexes          | 1 2 3 4 6 7 8 9 10 11 12 13 14 15 16 | 16.3
Summonings     | 1 2 3 4 6 7 8 9 10 11 12 13 14 15 16 | 16.3
Necromancy     | 1 2 3 4 6 7 8 9 10 11 12 13 14 15 16 | 16.3
Translocations | 1 2 3 4 6 7 8 9 10 11 12 13 14 15 16 | 16.3
Transmutations | 1 2 3 4 6 7 8 9 10 11 12 13 14 15 16 | 16.3
Fire Magic     | 1 2 3 4 6 7 8 9 10 11 12 13 14 15 16 | 16.3
Air Magic      | 1 2 3 4 6 7 8 9 10 11 12 13 14 15 16 | 16.3
Earth Magic    | 1 2 3 4 6 7 8 9 10 11 12 13 14 15 16 | 16.3
Poison Magic   | 1 2 3 4 6 7 8 9 10 11 12 13 14 15 16 | 16.3
Dodging        | 5 6 7 9 10 11 13 14 15 16 17 18 19 | 19.5
Stealth        | 5 6 8 9 0 |  0.0
Ice Magic      | 8 9 10 12 13 14 15 16 17 | 17.6

Action                     |  1- 3 |  4- 6 |  7- 9 | 10-12 | 13-15 | 16-18 | 19-21 | 22-24 | 25-27 || total
---------------------------+-------+-------+-------+-------+-------+-------+-------+-------+-------++-------
  Melee: Unarmed           |    12 |     5 |       |       |       |       |       |       |       ||    17
         Bite              |     1 |     1 |    24 |    86 |   139 |   144 |   342 |   323 |    61 ||  1121
         Quarterstaff      |       |     9 |       |       |       |       |       |       |       ||     9
         Dagger            |       |     7 |       |       |       |       |       |       |       ||     7
         Whip              |       |     5 |    34 |       |       |       |       |       |       ||    39
         Dire flail        |       |       |   140 |    63 |       |       |       |       |       ||   203
         Trident           |       |       |       |   718 |  1329 |  1036 |  1805 |  1929 |   487 ||  7304
         Punch             |       |       |       |    44 |    80 |       |       |       |       ||   124
   Cast: Freeze            |    47 |    64 |    54 |    23 |     3 |     4 |       |       |       ||   195
         Frozen Ramparts   |       |     4 |    20 |    98 |   126 |    39 |    55 |    42 |     9 ||   393
         Ozocubu's Armour  |       |     1 |    12 |    72 |   108 |    48 |    40 |    44 |     1 ||   326
         Summon Ice Beast  |       |       |     7 |    74 |   119 |    83 |    49 |    86 |     2 ||   420
         Summon Mana Viper |       |       |       |       |   167 |   156 |   113 |   171 |    31 ||   638
         Summon Forest     |       |       |       |       |    48 |   128 |   113 |   150 |    16 ||   455
         Manifold Assault  |       |       |       |       |    28 |    16 |     3 |     1 |       ||    48
         Irradiate         |       |       |       |       |     2 |       |     5 |     9 |       ||    16
         Blink             |       |       |       |       |     1 |       |       |     3 |       ||     4
         Apportation       |       |       |       |       |       |    16 |     2 |     2 |       ||    20
         Borgnjor's Vile C |       |       |       |       |       |     1 |   133 |   130 |    29 ||   293
         Haunt             |       |       |       |       |       |       |       |    53 |    34 ||    87
         Malign Gateway    |       |       |       |       |       |       |       |    24 |    33 ||    57
 Invoke: Sacrifice Experie |       |       |       |     1 |     1 |       |       |       |       ||     2
         Reject Sacrifices |       |       |       |     1 |       |     1 |       |       |       ||     2
         Sacrifice Stealth |       |       |       |     1 |       |       |       |       |       ||     1
         Draw Out Power    |       |       |       |       |     4 |     8 |     5 |     9 |     2 ||    28
         Sacrifice Health  |       |       |       |       |     1 |       |       |       |       ||     1
         Sacrifice Forms   |       |       |       |       |     1 |       |       |       |       ||     1
         Sacrifice Essence |       |       |       |       |       |     1 |       |       |       ||     1
         Power Leap        |       |       |       |       |       |     1 |       |       |     2 ||     3
         Sacrifice Purity  |       |       |       |       |       |       |     1 |       |       ||     1
         Apocalypse        |       |       |       |       |       |       |       |       |     1 ||     1
  Evoke: Wand              |       |       |     6 |    15 |    13 |     5 |     8 |     6 |     2 ||    55
         Sack of spiders   |       |       |       |       |     2 |     3 |       |     5 |     1 ||    11
         Lightning rod     |       |       |       |       |       |     3 |     5 |     7 |       ||    15
    Use: Potion            |       |       |       |     1 |     7 |       |       |     4 |     7 ||    19
         Scroll            |       |       |       |    10 |     9 |    11 |     5 |     9 |     1 ||    45
   Stab: Sleeping          |       |     1 |     5 |     4 |       |       |       |       |       ||    10
         Distracted        |       |       |     1 |     6 |    14 |    29 |    40 |    66 |    19 ||   175
         Invisible         |       |       |       |       |    10 |     5 |    12 |    12 |     4 ||    43
         Paralysed         |       |       |       |       |       |     2 |     8 |     2 |       ||    12
 Armour: Robe              |    11 |    32 |   185 |   536 |   310 |       |       |       |       ||  1074
         Ring mail         |       |       |       |       |   555 |    69 |       |       |       ||   624
         Swamp dragon scal |       |       |       |       |       |   621 |    66 |       |       ||   687
         Scale mail        |       |       |       |       |       |       |   421 |   818 |   164 ||  1403
  Dodge: Dodged            |    32 |    59 |   180 |   416 |   415 |   155 |   179 |   277 |    73 ||  1786
  Block: Kite shield       |       |       |       |       |    25 |   401 |   517 |   837 |   192 ||  1972
         Reflection        |       |       |       |       |       |       |       |     3 |       ||     3

Table legend: (Time is in decaauts)
 A = Elapsed time spent in this place.
 B = Non-inter-level travel time spent in this place.
 C = Inter-level travel time spent in this place.
 D = Time resting spent in this place.
 E = Time spent auto-exploring this place.
 F = Levels seen in this place.
 G = Mean time per level.
                   A        B        C        D        E       F      G
               +--------+--------+--------+--------+--------+-----+--------+
         Total | 128195 | 118827 |   9368 |  30486 |  67974 |  57 | 2249.0 |
       Dungeon |  22132 |  18631 |   3501 |   1838 |  14066 |  15 | 1475.5 |
        Temple |      7 |      5 |      2 |      0 |      0 |   1 |    7.0 |
          Lair |   9908 |   8930 |    978 |    694 |   6455 |   5 | 1981.6 |
         Swamp |   7789 |   7219 |    570 |   1082 |   4930 |   4 | 1947.2 |
     Snake Pit |  11799 |  11230 |    569 |   2653 |   6547 |   4 | 2949.8 |
    Slime Pits |   9210 |   8785 |    425 |   3921 |   3406 |   5 | 1842.0 |
  Orcish Mines |   2771 |   2541 |    230 |    156 |   1957 |   2 | 1385.5 |
   Elven Halls |   8444 |   8209 |    235 |   1966 |   4537 |   3 | 2814.7 |
        Vaults |  10632 |   9280 |   1352 |    139 |   7499 |   4 | 2658.0 |
         Crypt |   7397 |   7164 |    233 |    817 |   4878 |   3 | 2465.7 |
        Depths |  12239 |  11385 |    854 |   1681 |   7325 |   4 | 3059.8 |
           Zot |  23042 |  22629 |    413 |  14733 |   5319 |   5 | 4608.4 |
        Wizlab |   1969 |   1969 |      0 |    747 |    584 |   1 | 1969.0 |
      Gauntlet |    849 |    849 |      0 |     58 |    467 |   1 |  849.0 |
               +--------+--------+--------+--------+--------+-----+--------+

Top non-repeatable levels by time:
   Zot:5: 13626 daAuts
 Slime:5: 5670 daAuts
   Elf:3: 4138 daAuts
 Snake:3: 4027 daAuts
 Crypt:3: 3765 daAuts
Depths:3: 3728 daAuts
Depths:2: 3639 daAuts
 Snake:4: 3469 daAuts
Vaults:3: 3102 daAuts
Depths:1: 3064 daAuts
 Snake:1: 2975 daAuts
 Swamp:1: 2904 daAuts
   Zot:2: 2809 daAuts
    D:14: 2809 daAuts
Vaults:1: 2723 daAuts
